 Dungeon Crawl Stone Soup version 0.26-a0-26-ge22fd8933b (webtiles) character file.

Game seed: 13136168632652791608, levelgen mode: deterministic

648 Arixos the Skirmisher (level 7, -3/55 HPs)
             Began as a Demonspawn Monk on May 27, 2020.
             Was a Believer of Dithmenos.
             Slain by a wyvern skeleton (4 damage)
             ... on level 7 of the Dungeon.
             The game lasted 00:51:53 (5133 turns).

Arixos the Skirmisher (Demonspawn Monk)             Turns: 5133, Time: 00:51:54

Health: -3/55      AC: 11    Str: 11    XL:     7   Next: 27%
Magic:  7/7        EV: 14    Int: 11    God:    Dithmenos [**....]
Gold:   219        SH:  0    Dex: 18    Spells: 6/6 levels left

rFire    + . .     SeeInvis .   a - +0 short sword
rCold    + . .     Gourm    .   (no shield)
rNeg     . . .     Faith    .   w - +0 leather armour
rPois    +         Spirit   .   (helmet restricted)
rElec    +         Reflect  .   n - scarf {repulsion}
rCorr    +         Harm     .   l - +0 pair of gloves (curse)
MR       .....                  g - +0 pair of boots
Stlth    +++++.....             o - amulet of regeneration
HPRegen  0.58/turn              r - ring of poison resistance
MPRegen  0.10/turn              (no ring)

@: brilliant, about to teleport, resistant, sanguine armour, wreathed by umbra,
repel missiles
A: antennae 2, nightstalker 1, sanguine armour 1
a: Shadow Step, Renounce Religion


You were on level 7 of the Dungeon.
You worshipped Dithmenos.
Dithmenos was pleased with you.
You were not hungry.

You visited 1 branch of the dungeon, and saw 7 of its levels.

You collected 219 gold pieces.

Inventory:

Hand Weapons
 a - a +0 short sword (weapon)
Armour
 g - a +0 pair of boots (worn)
 l - a cursed +0 pair of gloves (worn)
 n - a scarf of repulsion (worn)
 w - a +0 leather armour (worn)
Jewellery
 o - an amulet of regeneration (around neck)
 r - a ring of poison resistance (left hand)
Wands
 e - a wand of enslavement (3)
Scrolls
 f - a scroll of random uselessness {unknown}
 j - 2 scrolls of remove curse {unknown}
 m - 2 scrolls of fear {unknown}
 p - 3 scrolls of enchant armour {unknown}
 t - 7 scrolls of identify {unknown}
 u - a scroll of magic mapping {unknown}
Potions
 c - 2 potions of flight
 d - a potion of cancellation {unknown}
 i - a potion of heal wounds {unknown}
 k - a potion of brilliance
 s - a potion of curing
Comestibles
 v - a ration


   Skills:
 + Level 4.3 Fighting
 * Level 2.8 Short Blades
 + Level 2.6 Armour
 + Level 4.0 Dodging
 * Level 4.0 Stealth
 - Level 3.2 Unarmed Combat
 + Level 1.0 Evocations


You had 6 spell levels left.
You didn't know any spells.
Your spell library was empty.

Dungeon Overview and Level Annotations

Branches:
Dungeon (7/15)
 Temple: D:4-7

Altars:
Dithmenos

Annotations:
D:3 exclusion: 2 downstairs
D:4 Grinder


Innate Abilities, Weirdness & Mutations

You have a pair of antennae on your head.
You are slightly more attuned to the shadows.
When seriously injured, your bleeding wounds create armour. (AC +6)


Message History

The wyvern skeleton bites you!
* * * LOW HITPOINT WARNING * * *
It was a potion of resistance.
You feel protected.
The bullfrog zombie hits you but does no damage.
The wyvern skeleton misses you. The bullfrog zombie closely misses you.
You hit the wyvern skeleton.
The wyvern skeleton is almost destroyed.
The wyvern skeleton bites you.
* * * LOW HITPOINT WARNING * * *
The bullfrog zombie closely misses you.
As you read the scroll of teleportation, it crumbles to dust.
You feel strangely unstable. The wyvern skeleton bites you.
* * * LOW HITPOINT WARNING * * *
The bullfrog zombie misses you.
All of the chunks of flesh in your inventory have rotted away.
You barely miss the wyvern skeleton.
The wyvern skeleton is almost destroyed.
The wyvern skeleton bites you.
You die...

##### #...# #...#
#...#### #...Z@.#
#...##Z.#####
#..g.##.$...#...
#....###....$....
##.#..#...............
#.#..#...............
#.#..#............#..
#.....#..............
###.#Z.....##... $..>


You could see a bullfrog zombie and a wyvern skeleton.

Vanquished Creatures
  A sky beast (D:5)
  An ogre (D:4)
  A howler monkey (D:7)
  A crimson imp (D:7)
  A centaur zombie (D:5)
  A hound (D:7)
  A centaur skeleton (D:5)
  An iguana (D:4)
  A killer bee zombie (D:7)
  A hound zombie (D:5)
  Robin (D:3)
  A gnoll (D:7)
  7 adders
  2 shadow imps
  3 worms
  4 dart slugs
  8 leopard geckos
  15 orcs
  4 ball pythons (D:3)
  8 bats
  4 giant cockroaches
  11 hobgoblins
  A quokka (D:2)
  8 frilled lizards
  11 goblins
  7 kobolds
  A quokka skeleton (D:4)
  6 rats
112 creatures vanquished.

Vanquished Creatures (others)
  2 iguanas (D:7)
  A gnoll (D:6)
3 creatures vanquished.

Grand Total: 115 creatures vanquished

Notes
Turn   | Place    | Note
-------+----------+-------------------------------------------
     0 | D:1      | Arixos the Demonspawn Monk began the quest for the Orb.
     0 | D:1      | Reached XP level 1. HP: 18/18 MP: 1/1
   275 | D:1      | Gained mutation: You have a pair of small antennae on your
                  | head. [demonic ancestry]
   275 | D:1      | Reached XP level 2. HP: 24/24 MP: 2/2
  1115 | D:2      | Reached skill level 1 in Armour
  1115 | D:2      | Gained mutation: You have a pair of antennae on your head.
                  | [demonic ancestry]
  1115 | D:2      | Reached XP level 3. HP: 12/29 MP: 3/3
  1985 | D:2      | Gained mutation: You are slightly more attuned to the
                  | shadows. [demonic ancestry]
  1985 | D:2      | Reached XP level 4. HP: 32/35 MP: 4/4
  2889 | D:3      | Found a shadowy altar of Dithmenos.
  2896 | D:3      | Became a worshipper of Dithmenos the Shadowed
  2896 | D:3      | Reached * piety under Dithmenos
  2896 | D:3      | Reached ** piety under Dithmenos
  3122 | D:3      | Reached XP level 5. HP: 42/42 MP: 5/5
  3319 | D:3      | Noticed Robin
  3362 | D:3      | Killed Robin
  3664 | D:3      | Reached skill level 1 in Short Blades
  3816 | D:4      | Noticed Grinder
  3817 | D:4      | Paralysed by Grinder for 2 turns
  4134 | D:4      | Noticed an ogre
  4360 | D:4      | Noticed an ogre
  4376 | D:5      | Entered Level 5 of the Dungeon
  4376 | D:5      | Noticed a sky beast
  4412 | D:5      | Killed a sky beast
  4412 | D:5      | Reached XP level 6. HP: 16/48 MP: 6/6
  4760 | D:5      | Reached *** piety under Dithmenos
  4909 | D:4      | You fall into a shaft and drop 3 floors!
  4960 | D:7      | Gained mutation: When seriously injured, your bleeding
                  | wounds create armour. (AC +6) [demonic ancestry]
  4960 | D:7      | Reached XP level 7. HP: 54/54 MP: 7/7
  4992 | D:7      | Noticed a hippogriff
  5089 | D:7      | Reached skill level 1 in Evocations
  5132 | D:7      | HP: 1/55 [wyvern skeleton (6)]
  5133 | D:7      | Slain by a wyvern skeleton

Illustrated notes

Levels and vault maps discovered:
D:1:      enne_arrival_octagon_isle, layout_rooms, hangedman_decor_growths,
          patterned_corridor
D:2:      minmay_evil_eye, layout_basic
D:3:      layout_basic, grunt_dithmenos_smoke, uniq_robin
D:4:      layout_cave_pools, uniq_grinder
D:5:      layout_cave_pods, first_ration, vehumet_altar_wand_db, uniq_ijyb
D:6:      layout_loops_corners, uniq_duvessa
D:7:      layout_rooms, minmay_temple_entry_large_hall, grunt_livestock,
          chequers_serial_rivers_marsh

Skill      XL: |  1  2  3  4  5  6  7 |
---------------+----------------------+-----
Dodging        | 3 4 |  4.0
Armour         | 1 2 |  2.6
Unarmed Combat | 3 |  3.2
Stealth        | 2 3 4 |  4.0
Short Blades   | 1 2 |  2.8
Fighting       | 4 |  4.3
Evocations     | 1 |  1.0

Action                   |  1- 3 |  4- 6 |  7- 9 || total
-------------------------+-------+-------+-------++-------
Melee: Unarmed           |   165 |    38 |       ||   203
       Punch             |     2 |    11 |     2 ||    15
       Dagger            |       |   158 |       ||   158
       Short sword       |       |   300 |    84 ||   384
Invok: Shadow Step       |       |       |     1 ||     1
Evoke: Wand              |       |     2 |     6 ||     8
  Use: Potion            |       |     2 |     4 ||     6
       Scroll            |       |     1 |     3 ||     4
 Stab: Sleeping          |       |    20 |       ||    20
  Eat: Ration            |     1 |     1 |       ||     2
       Chunk             |       |     8 |       ||     8
Armor: Ring mail         |    45 |    80 |       ||   125
       Skin              |       |    17 |    44 ||    61
       Leather armour    |       |    17 |    14 ||    31
Dodge: Dodged            |    82 |   242 |    82 ||   406
       Repelled          |       |     3 |       ||     3

Table legend:
 A = Non-vault XP
 B = Vault XP
 C = Vault XP percentage of total XP
 D = Non-vault monster count
 E = Vault monster count
 F = Vault count percentage of total count
                 A         B        C        D         E       F
            +---------+---------+-------+---------+---------+-------
      Total |     851 |      76 |   8.2 |      99 |      15 |  13.2
            +---------+---------+-------+---------+---------+-------
        D:1 |      33 |       0 |   0.0 |      20 |       0 |   0.0
        D:2 |      64 |      46 |  41.8 |      16 |       6 |  27.3
        D:3 |      84 |      30 |  26.3 |      32 |       9 |  22.0
        D:4 |     179 |       0 |   0.0 |      11 |       0 |   0.0
        D:5 |     272 |       0 |   0.0 |      11 |       0 |   0.0
        D:6 |       3 |       0 |   0.0 |       1 |       0 |   0.0
        D:7 |     216 |       0 |   0.0 |       8 |       0 |   0.0
            +---------+---------+-------+---------+---------+-------
